 Dungeon Crawl Stone Soup version 0.26-a0-30-g56b8cd3df0 (webtiles) character file.

Game seed: 10358817354277698157, levelgen mode: deterministic

6577 gruber the Protected (level 11, -3/88 HPs)
             Began as a Hill Orc Fighter on June 2, 2020.
             Was a Follower of Makhleb.
             Slain by a yak (6 damage)
             ... on level 9 of the Dungeon.
             The game lasted 00:12:23 (11174 turns).

gruber the Protected (Hill Orc Fighter)            Turns: 11174, Time: 00:12:23

Health: -3/88      AC: 12    Str: 23    XL:     11   Next: 1%
Magic:  0/11       EV:  9    Int:  8    God:    Makhleb [*.....]
Gold:   450        SH: 12    Dex: 10    Spells: 8/10 levels left

rFire    + + .     SeeInvis .   a - +0 war axe
rCold    + . .     Gourm    .   c - +0 kite shield
rNeg     . . .     Faith    .   A - +2 ring mail {rF+}
rPois    .         Spirit   +   v - +0 helmet
rElec    .         Reflect  .   (no cloak)
rCorr    .         Harm     .   K - +0 pair of gloves
MR       .....                  (no boots)
Stlth    ..........             r - amulet of guardian spirit
HPRegen  0.24/turn              q - ring of protection from fire
MPRegen  0.12/turn              D - ring of protection from cold

@: no status effects
A: no striking features
a: Renounce Religion


You were on level 9 of the Dungeon.
You worshipped Makhleb.
Makhleb was aware of your devotion.
You were very hungry.

You visited 2 branches of the dungeon, and saw 10 of its levels.

You collected 450 gold pieces.

Inventory:

Hand Weapons
 a - a +0 war axe (weapon)
 x - a +2 whip of flaming
Missiles
 g - 65 poisoned darts (quivered)
 F - 8 curare-tipped darts
 H - 6 atropa-tipped darts
Armour
 c - a +0 kite shield (worn)
 d - a +0 troll leather armour {Purgy}
 v - a +0 helmet (worn)
 w - a +0 plate armour
 A - a +2 ring mail of fire resistance (worn)
 K - a +0 pair of gloves (worn)
 L - cursed +0 acid dragon scales
Jewellery
 q - a ring of protection from fire (left hand)
 r - an amulet of guardian spirit (around neck)
 D - a ring of protection from cold (right hand)
 J - an uncursed ring of resist corrosion {unknown}
Wands
 E - a wand of polymorph (12)
 I - a wand of iceblast (18)
Scrolls
 b - 6 scrolls of remove curse {unknown}
 e - 8 scrolls of identify
 h - 4 scrolls of enchant weapon {unknown}
 j - a scroll of random uselessness {unknown}
 k - 5 scrolls of teleportation {unknown}
 l - 4 scrolls of amnesia {unknown}
 n - a scroll of magic mapping {unknown}
 o - 4 scrolls of blinking {unknown}
 p - 2 scrolls of fear {unknown}
 t - a scroll of immolation {unknown}
 B - a scroll of brand weapon {unknown}
 N - a scroll of torment {unknown}
Potions
 i - a potion of haste {unknown}
 m - 2 potions of mutation {unknown}
 s - 2 potions of lignification {unknown}
 u - a potion of flight {unknown}
 z - 2 potions of ambrosia {unknown}
 C - a potion of heal wounds {unknown}
 G - 2 potions of degeneration {unknown}
 O - 3 potions of magic {unknown}
Comestibles
 f - 20 rations


   Skills:
 * Level 5.4 Fighting
 - Level 11.0 Axes
 - Level 11.1 Armour
 - Level 11.0 Shields


You had 8 spell levels left.
You knew the following spells:

 Your Spells              Type           Power        Failure   Level  Hunger
a - Blink                 Tloc           N/A          83%         2    ###....

Your spell library contained the following spells:

 Spells                   Type           Power        Failure   Level  Hunger
 Animate Skeleton         Necr           N/A          71%         1    ##.....
 Magic Dart               Conj           #...         71%         1    ##.....
 Pain                     Necr           #...         71%         1    ##.....
 Call Imp                 Summ           #.......     83%         2    ###....
 Slow                     Hex            #.......     83%         2    ###....
 Conjure Flame            Conj/Fire      #.......     97%         3    ####...
 Mephitic Cloud           Conj/Pois/Air  #.......     97%         3    ####...
 Vampiric Draining        Necr           #.........   97%         3    ####...
 Animate Dead             Necr           N/A          100%        4    #####..
 Agony                    Necr           #.......     100%        5    ######.


Dungeon Overview and Level Annotations

Branches:
Dungeon (9/15)             Temple (1/1) D:7            Lair (0/6) D:8
    Orc (0/2) D:9

Altars:
Ashenzari
Cheibriados
Dithmenos
Fedhas
Gozag
Hepliaklqana
Makhleb
Nemelex Xobeh
Okawaru
Qazlal
Trog
Vehumet
Wu Jian
Yredelemnul
The Shining One

Annotations:
D:3 3 runed translucent doors, Crazy Yiuf; Stelteck's ghost, amateur DrBe


Message History

The yak gores you!
* * * LOW HITPOINT WARNING * * *
You barely miss the yak. You block the yak's attack.
You slice the yak!!
The yak is heavily wounded.
The yak gores you but does no damage.
You barely miss the yak.
The yak is heavily wounded.
You block the yak's attack.
You slash the yak!
The yak is severely wounded.
The yak gores you!
* * * LOW HITPOINT WARNING * * *
You hit the yak.
The yak is almost dead.
The yak barely misses you.
You hit the yak.
The yak is almost dead.
The yak gores you.
You die...

...# #..####
.####### #..#.<#
.......# #..#.##
#.###.>.###..#.#
#............#.#####
#
..<..#.###.##.....#
....#####.#
#........#
......Y@..#
##########
###########


You could see a yak.

Vanquished Creatures
  Harold (D:7)
  Pikel (D:4)
  Maggie (D:7)
  Sigmund (D:3)
  7 yaks
  A hungry ghost (D:8)
  4 porcupines (D:8)
  Purgy (D:3)
  3 ice beasts
  A sky beast (D:7)
  4 black bears
  5 ogres
  3 slaves (D:4)
  A centaur (D:5)
  A crocodile (D:8)
  7 bullfrogs
  9 killer bees (D:7)
  An electric eel (D:8)
  5 howler monkeys (D:8)
  A crimson imp (D:5)
  A centaur zombie (D:5)
  A hound (D:7)
  2 orc priests
  A gnoll shaman (D:5)
  2 jellies
  4 orc wizards
  A bullfrog skeleton (D:7)
  A centaur skeleton (D:7)
  7 worker ants
  A hound skeleton (D:7)
  Robin (D:3)
  11 adders
  19 gnolls
  A howler monkey skeleton (D:3)
  A shadow imp (D:8)
  3 oozes
  2 adder skeletons
  2 worms
  3 dart slugs (D:1)
  3 leopard geckos
  20 orcs
  3 ball pythons
  7 giant cockroaches
  15 goblins
  9 hobgoblins
  4 jackals
  13 kobolds
  3 quokkas
  5 bats
  6 frilled lizards
  A leopard gecko zombie (D:5)
  A rat (D:1)
212 creatures vanquished.

Vanquished Creatures (others)
  A hound skeleton (D:4)
  5 fungi (D:8)
  A plant (D:8)
7 creatures vanquished.

Grand Total: 219 creatures vanquished

Notes
Turn   | Place    | Note
-------+----------+-------------------------------------------
     0 | D:1      | gruber the Hill Orc Fighter began the quest for the Orb.
     0 | D:1      | Reached XP level 1. HP: 19/19 MP: 1/1
   154 | D:1      | Reached XP level 2. HP: 27/27 MP: 2/2
   254 | D:1      | Reached skill level 5 in Fighting
   254 | D:1      | Reached XP level 3. HP: 23/36 MP: 3/3
  1026 | D:2      | Reached XP level 4. HP: 39/42 MP: 4/4
  1419 | D:2      | Noticed a bullfrog
  1737 | D:3      | Reached skill level 5 in Axes
  2079 | D:3      | Reached XP level 5. HP: 35/48 MP: 3/5
  2253 | D:3      | Found a runed translucent door.
  2254 | D:3      | Noticed Crazy Yiuf
  2407 | D:3      | Found a glowing golden altar of the Shining One.
  2410 | D:3      | Noticed Robin
  2424 | D:3      | Killed Robin
  2573 | D:3      | Noticed Purgy
  2589 | D:3      | Killed Purgy
  2589 | D:3      | Reached XP level 6. HP: 35/56 MP: 3/6
  2731 | D:3      | Found a large runed translucent door.
  2732 | D:3      | Found a large runed translucent door.
  2772 | D:3      | Noticed Sigmund
  2788 | D:3      | Killed Sigmund
  2869 | D:3      | Noticed Stelteck's ghost (amateur DrBe)
  3232 | D:2      | Found a shadowy altar of Dithmenos.
  3232 | D:2      | Found a stormy altar of Qazlal.
  3335 | D:4      | Noticed a slave
  3335 | D:4      | Noticed Pikel
  3350 | D:4      | Killed a slave
  3470 | D:4      | Noticed a slave
  3470 | D:4      | Noticed a slave
  3493 | D:4      | Killed a slave
  3505 | D:4      | Killed a slave
  3561 | D:4      | Killed Pikel
  3561 | D:4      | Reached skill level 10 in Axes
  3561 | D:4      | Reached XP level 7. HP: 33/61 MP: 5/7
  3561 | D:4      | Reached XP level 8. HP: 37/68 MP: 5/8
  3929 | D:4      | Got a masterwork chain mail
  3930 | D:4      | Identified the +2 chain mail of the Saviour {Int+3 Stlth+}
                  | (You found it on level 4 of the Dungeon)
  4647 | D:5      | Entered Level 5 of the Dungeon
  5082 | D:5      | Reached skill level 5 in Armour
  6202 | D:6      | Reached XP level 9. HP: 68/74 MP: 6/9
  6353 | D:6      | Found a blossoming altar of Fedhas.
  6374 | D:6      | Found a shattered altar of Ashenzari.
  7144 | D:7      | Noticed Maggie
  7178 | D:7      | Killed Maggie
  7178 | D:7      | Reached skill level 10 in Armour
  7443 | D:7      | Found a staircase to the Ecumenical Temple.
  8173 | Temple   | Entered the Ecumenical Temple
  8246 | Temple   | Became a worshipper of Makhleb the Destroyer
  8297 | D:7      | Learned a level 2 spell: Blink
  8686 | D:7      | Reached skill level 5 in Shields
  8758 | D:7      | Reached XP level 10. HP: 81/81 MP: 10/10
  8863 | D:7      | Noticed Harold
  8894 | D:7      | Killed Harold
  9671 | D:8      | Reached * piety under Makhleb
 10148 | D:8      | Found a staircase to the Lair.
 10450 | D:8      | Reached skill level 10 in Shields
 11103 | D:9      | Found a staircase to the Orcish Mines.
 11168 | D:9      | Reached XP level 11. HP: 17/88 MP: 2/11
 11172 | D:9      | HP: 3/88 [yak (8)]
 11174 | D:9      | Slain by a yak

Illustrated notes

Levels and vault maps discovered:
D:1:      shiori_arrival_oz, layout_basic, minmay_split_cup_small
D:2:      layout_loops_ring, nicolae_overflow_hidden_temple,
          lightli_corner_chamber
D:3:      layout_loops_ring, ebering_ghost_disaster_area,
          nicolae_tso_carved_into_rock, uniq_robin, uniq_sigmund,
          uniq_crazy_yiuf_cottage, uniq_purgy
D:4:      layout_loops_corners, first_ration, grunt_ministairs_6,
          kennysheep_generic_room_15, uniq_pikel
D:5:      layout_basic
D:6:      layout_basic, fedhas_ov_isle_minmay, nicolae_overflow_crystal_walls
D:7:      layout_basic, minmay_temple_entry_statues, grunt_ogre_cave,
          uniq_maggie, uniq_harold
D:8:      layout_basic, due_lair_maze_entry_diamond, serial_bayou_ford_a,
          kennysheep_small_spiral
D:9:      layout_basic, good_gods_temple_1, kennysheep_little_box,
          grunt_temple_overflow_cloverleaf, orc_0_dummy, serial_shops,
          shop_fountains, nicolae_shop_behind_doors, shop_statue,
          cheibrodos_worm_habitat
Temple:   zaba_magenta_temple

Skill      XL: |  1  2  3  4  5  6  7  8  9 10 |
---------------+-------------------------------+-----
Fighting       | 4 5 |  5.4
Axes           | 4 5 7 10 11 | 11.0
Armour         | 8 11 | 11.1
Shields        | 5 11 | 11.0

Action                   |  1- 3 |  4- 6 |  7- 9 | 10-12 || total
-------------------------+-------+-------+-------+-------++-------
Melee: War axe           |    91 |   161 |   493 |   212 ||   957
Throw: Dart              |       |    10 |       |       ||    10
Evoke: Wand              |       |       |       |     6 ||     6
  Use: Potion            |       |     1 |     1 |       ||     2
       Scroll            |       |       |     1 |       ||     1
  Eat: Chunk             |       |     9 |    13 |     7 ||    29
       Ration            |       |       |     1 |     1 ||     2
Armor: Scale mail        |    49 |    59 |       |       ||   108
       Troll leather arm |       |     8 |       |       ||     8
       Chain mail        |       |       |   234 |     1 ||   235
       Ring mail         |       |       |       |    56 ||    56
Dodge: Dodged            |    28 |    52 |   113 |    46 ||   239
Block: Kite shield       |    42 |    92 |   192 |   110 ||   436

Table legend:
 A = Non-vault XP
 B = Vault XP
 C = Vault XP percentage of total XP
 D = Non-vault monster count
 E = Vault monster count
 F = Vault count percentage of total count
                 A         B        C        D         E       F
            +---------+---------+-------+---------+---------+-------
      Total |    5256 |    4141 |  44.1 |     172 |      37 |  17.7
            +---------+---------+-------+---------+---------+-------
        D:1 |      47 |       9 |  16.1 |      20 |       5 |  20.0
        D:2 |      43 |       0 |   0.0 |      17 |       0 |   0.0
        D:3 |      99 |     385 |  79.5 |      19 |      15 |  44.1
        D:4 |      89 |     595 |  87.0 |       7 |       2 |  22.2
        D:5 |     945 |       0 |   0.0 |      34 |       0 |   0.0
        D:6 |     674 |       0 |   0.0 |      17 |       0 |   0.0
        D:7 |    1457 |    1488 |  50.5 |      38 |       3 |   7.3
        D:8 |     885 |    1664 |  65.3 |      15 |      12 |  44.4
        D:9 |    1017 |       0 |   0.0 |       5 |       0 |   0.0
            +---------+---------+-------+---------+---------+-------
